 Dungeon Crawl Stone Soup version 0.25.1-8-g42b30a86e7 (webtiles) character file.

Game seed: 5722598303268212132

120 FreshCat the Skirmisher (level 5, -4/43 HPs)
             Began as a Merfolk Abyssal Knight on Dec 18, 2020.
             Was a Follower of Lugonu.
             Slain by a gnoll
             ... wielding a +0 club
              (7 damage)
             ... on level 3 of the Dungeon.
             The game lasted 00:07:52 (2129 turns).

FreshCat the Skirmisher (Merfolk Abyssal Knight)    Turns: 2129, Time: 00:07:53

Health: -4/43      AC:  3    Str: 10 (13) XL:     5   Next: 4%
Magic:  6/6        EV: 12    Int: 10 (12) God:    Lugonu [*.....]
Gold:   13         SH:  0    Dex: 11 (13) Spells: 4/4 levels left

rFire    . . .     SeeInvis .   a - +1 spear
rCold    . . .     Gourm    .   (no shield)
rNeg     . . .     Faith    .   b - +0 leather armour
rPois    .         Spirit   .   (no helmet)
rElec    .         Reflect  .   (no cloak)
rCorr    .         Harm     .   (no gloves)
MR       .....                  (no boots)
Stlth    +.........             (no amulet)
HPRegen  0.14/turn              (no ring)
MPRegen  0.10/turn              (no ring)

@: flying
A: change form in water, swift swim, stealthy swim
a: Depart the Abyss, Renounce Religion


You were on level 3 of the Dungeon.
You worshipped Lugonu.
Lugonu was aware of your devotion.
You were not hungry.

You visited 1 branch of the dungeon, and saw 3 of its levels.
You visited the Abyss 1 time.

You collected 13 gold pieces.

Inventory:

Hand Weapons
 a - a +1 spear (weapon)
Missiles
 h - 35 stones
 j - 5 javelins (quivered)
Armour
 b - a +0 leather armour (worn)
Scrolls
 e - a scroll of identify
 f - a scroll of remove curse
Comestibles
 c - a ration
 d - 5 chunks of flesh


   Skills:
 + Level 4.6 Fighting
 + Level 4.0 Polearms
 + Level 0.7 Throwing
 + Level 1.3 Armour
 + Level 3.5 Dodging
 + Level 0.7 Stealth
 + Level 2.2 Invocations


You had 4 spell levels left.
You didn't know any spells.
Your spell library was empty.

Dungeon Overview and Level Annotations

Branches:
Dungeon (3/15)

Altars:
Nemelex Xobeh


Message History

You fly up into the air.
The gnoll barely misses you. The gnoll hits you with a +0 club.
The gnoll misses you.
You closely miss the gnoll. The gnoll hits you but does no damage.
The gnoll closely misses you. The gnoll hits you with a +0 flail.
You closely miss the gnoll. The gnoll closely misses you.
The gnoll hits you with a +0 club.
You hit the gnoll.
The gnoll is moderately wounded.
The gnoll hits you with a +0 flail!
* * * LOW HITPOINT WARNING * * *
The gnoll barely misses you.
You closely miss the gnoll.
The gnoll is moderately wounded.
The gnoll hits you with a +0 club.
* * * LOW HITPOINT WARNING * * *
The gnoll barely misses you.
You hit the gnoll but do no damage.
The gnoll is moderately wounded.
The gnoll hits you with a +0 club!
You die... ##### ##.@.## #8ggg8#

#.......#
+...8.>.#
#......)#
##8.>.8##
##...##
#####


You could see 3 gnolls.

Vanquished Creatures
  2 orc wizards (D:1)
  An adder (D:1)
  4 dart slugs (D:1)
  3 leopard geckos (D:1)
  An orc (D:1)
  3 giant cockroaches (D:1)
  8 goblins
  2 hobgoblins (D:1)
  2 jackals (D:1)
  4 bats (D:1)
  3 frilled lizards (D:1)
  5 kobolds (D:1)
  6 rats
44 creatures vanquished.

Notes
Turn   | Place    | Note
-------+----------+-------------------------------------------
     0 | Abyss:1  | FreshCat the Merfolk Abyssal Knight began the quest for the
                  | Orb.
     0 | Abyss:1  | Reached XP level 1. HP: 18/18 MP: 2/2
   121 | D:1      | Escaped the Abyss
   178 | D:1      | Found a sparkling altar of Nemelex Xobeh.
   271 | D:1      | Reached * piety under Lugonu
   271 | D:1      | Reached XP level 2. HP: 25/25 MP: 3/3
   650 | D:1      | Reached XP level 3. HP: 26/30 MP: 4/4
   712 | D:1      | Reached XP level 4. HP: 26/38 MP: 5/5
   850 | D:1      | HP: 1/38 [something (2)]
  1029 | D:1      | HP: 1/38 [something (3)]
  1032 | D:1      | Reached skill level 1 in Armour
  1937 | D:1      | Reached XP level 5. HP: 43/43 MP: 6/6
  2129 | D:3      | Slain by a gnoll

Illustrated notes

Levels and vault maps discovered:
D:1:      psy_arrival_statuary, layout_basic, nrook_loot_triangle,
          chequers_hall_statues_wall_a, nemelex_xobeh_ov_fountains_minmay
D:2:      minmay_skewed_foursquare, layout_basic,
          nicolae_gozag_cash_rules_everything_around_me, roderic_lattice_a,
          uniq_terence
D:3:      layout_loops_ring, grunt_ministairs_7, minmay_ogre_servants,
          uniq_grinder, uniq_robin

Skill      XL: |  1  2  3  4  5 |
---------------+----------------+-----
Fighting       | 4 |  4.6
Dodging        | 3 |  3.5
Armour         | 1 |  1.3
Polearms       | 4 |  4.0
Throwing       | |  0.7
Stealth        | |  0.7
Invocations    | |  2.2

Action                   |  1- 3 |  4- 6 || total
-------------------------+-------+-------++-------
Melee: Spear             |    81 |    99 ||   180
Throw: Stone             |     3 |     1 ||     4
       Javelin           |     2 |    10 ||    12
Invok: Depart the Abyss  |     1 |       ||     1
  Use: Scroll            |       |     4 ||     4
       Potion            |       |     2 ||     2
 Stab: Sleeping          |     1 |     1 ||     2
  Eat: Chunk             |       |     4 ||     4
Armor: Leather armour    |    16 |    17 ||    33
Dodge: Dodged            |    41 |    58 ||    99
